 Dungeon Crawl Stone Soup version 0.28-a0-48-gfd831c5874 (webtiles) character file.

Game seed: 2307825401857120757

107 Spectrina the Sneak (level 4, 0/27 HPs)
             Began as a Deep Elf Delver on July 30, 2021.
             Slain by a hound (4 damage)
             ... on level 3 of the Dungeon.
             The game lasted 00:05:21 (730 turns).

Spectrina the Sneak (Deep Elf Delver)                Turns: 730, Time: 00:05:22

Health: 0/27       AC:  4    Str:  9    XL:     4   Next: 56%
Magic:  13/13      EV: 12    Int: 16    God:
Gold:   120        SH:  0    Dex: 16    Spells: 14/14 levels left

rFire   . . .      SeeInvis .   a - +0 short sword
rCold   . . .      Faith    .   (no shield)
rNeg    . . .      Spirit   .   b - +0 leather armour
rPois   .          Reflect  .   (no helmet)
rElec   .          Harm     .   l - +0 cloak
rCorr   .          Rampage  .   (no gloves)
Will    .....                   (no boots)
Stlth   +++.......              (no amulet)
HPRegen 0.09/turn               (no ring)
MPRegen 0.13/turn               (no ring)

@: no status effects
A: no striking features
a: no special abilities


You were on level 3 of the Dungeon.
You visited 1 branch of the dungeon, and saw 5 of its levels.

You collected 120 gold pieces.

Inventory:

Hand Weapons
 a - a +0 short sword (weapon)
 k - a +0 dagger
Missiles
 h - 20 stones (quivered)
Armour
 b - a +0 leather armour (worn)
 l - a +0 cloak (worn)
Wands
 g - a wand of digging (3)
Scrolls
 c - a scroll of fog
 d - 3 scrolls of magic mapping
 e - a scroll of fear
 i - a scroll of blinking {unknown}
 j - a scroll of acquirement {unknown}
Potions
 f - a potion of haste
 m - a potion of degeneration {unknown}
 n - a potion of attraction {unknown}


   Skills:
 - Level 2.4 Fighting
 - Level 2.0 Short Blades
 - Level 2.4 Dodging
 - Level 6.0 Stealth
 + Level 5.7 Spellcasting


You had 14 spell levels left.
You didn't know any spells.
Your spell library was empty.

Dungeon Overview and Level Annotations

Branches:
Dungeon (5/15)
 Temple: D:4-7

Altars:
Nemelex Xobeh


Message History

The hound bites you. x2
A quokka comes into view.
There is an open door here.
The hound closely misses you. The hound barely misses you.
The quokka twitches its whiskers.
Found a stone staircase leading down.
The hound bites you but does no damage. The hound closely misses you.
The hound barely misses you.
You barely miss the hound. The hound closely misses you.
You barely miss the hound. The hound bites you.
The hound bites you but does no damage.
You hit the hound.
The hound is lightly wounded.
The hound bites you but does no damage.
You hit the hound.
The hound is moderately wounded.
The hound bites you but does no damage. The hound barely misses you.
You hit the hound.
The hound is heavily wounded.
The hound bites you but does no damage.
You closely miss the hound.
The hound is heavily wounded.
The hound bites you.
* * * LOW HITPOINT WARNING * * *
The hound barely misses you.
You hit the hound.
The hound is severely wounded.
The hound pauses to sniff the ground.
The hound closely misses you.
You hit the hound but do no damage.
The hound is severely wounded.
The hound bites you.
* * * LOW HITPOINT WARNING * * *
The hound closely misses you.
You closely miss the hound.
The hound is severely wounded.
The hound bites you.
You die...

#..###.#
#######+#...##.#
..........#.##.#
..........#..#.#
...............+
#######'####.#.#
......#.# #...#
......#.#
##.g###
........# #rBh@+
.....#..##
######
....###..##
...#'#'#..######
..###.###..#...#
.###._.###.#...#
. ##.###..#...#
. .#####...'...+
..g.###....#...#
..


You could see a hound, a quokka, a giant cockroach and a hobgoblin.

Vanquished Creatures
  A scorpion (D:4)
  2 adders
  A dart slug (D:5)
  4 bats
  2 endoplasms (D:1)
  3 giant cockroaches
  A hobgoblin (D:3)
  5 jackals
  A quokka (D:2)
  A ball python (D:2)
  2 frilled lizards
  4 goblins
  3 kobolds
30 creatures vanquished.

Notes
Turn   | Place    | Note
-------+----------+-------------------------------------------
     0 | D:5      | Spectrina the Deep Elf Delver began the quest for the Orb.
     0 | D:5      | Reached XP level 1. HP: 13/13 MP: 3/3
    27 | D:5      | Reached skill level 1 in Spellcasting
    38 | D:5      | Noticed an iguana
    58 | D:4      | Noticed a scorpion
    59 | D:4      | Killed a scorpion
    60 | D:4      | Reached XP level 2. HP: 15/18 MP: 4/9
    60 | D:4      | Reached XP level 3. HP: 19/22 MP: 4/11
   212 | D:1      | Reached XP level 4. HP: 20/27 MP: 12/12
   280 | D:1      | Reached skill level 5 in Spellcasting
   689 | D:3      | Found a sparkling altar of Nemelex Xobeh.
   730 | D:3      | Slain by a hound

Illustrated notes

Levels and vault maps discovered:
D:1:      erik_arrival_orb_chamber, layout_basic, minmay_cupped
D:2:      layout_basic, chequers_serial_rivers_small_b
D:3:      layout_basic, nemelex_diamond_rough_becter,
          shapermc_ecumenical_altar_ellora
D:4:      minmay_evil_eye, layout_rooms, jmf_multi_god_temple2,
          nicolae_uskayaw_en_pointe, cheibrodos_gnoll_hut
D:5:      layout_loops_corners, nicolae_vehumet_radiance, serial_shops,
          kennysheep_mini_moat

Skill      XL: |  1  2  3  4 |
---------------+-------------+-----
Spellcasting   | 4 5 |  5.7
Fighting       | |  2.4
Short Blades   | |  2.0
Dodging        | |  2.4
Stealth        | |  6.0

Action                   |  1- 3 |  4- 6 || total
-------------------------+-------+-------++-------
Melee: Short sword       |    27 |   128 ||   155
Throw: Stone             |       |     1 ||     1
 Stab: Sleeping          |     4 |     2 ||     6
       Distracted        |       |     1 ||     1
Armor: Leather armour    |     6 |    42 ||    48
Dodge: Dodged            |    13 |   109 ||   122

Table legend: (Time is in decaauts)
 A = Elapsed time spent in this place.
 B = Non-inter-level travel time spent in this place.
 C = Inter-level travel time spent in this place.
 D = Time resting spent in this place.
 E = Time spent auto-exploring this place.
 F = Levels seen in this place.
 G = Mean time per level.
                   A        B        C        D        E       F      G
               +--------+--------+--------+--------+--------+-----+--------+
         Total |    734 |    734 |      0 |      0 |      0 |   5 |  146.8 |
       Dungeon |    734 |    734 |      0 |      0 |      0 |   5 |  146.8 |
               +--------+--------+--------+--------+--------+-----+--------+

Top non-repeatable levels by time:
     D:1: 308 daAuts
     D:2: 202 daAuts
     D:3: 152 daAuts
     D:5: 58 daAuts
     D:4: 12 daAuts
